Map: Proxima Station LE

Players

PiLiPiLi

  • Race: Protoss Protoss
  • Spawn Location: 1:00

Zest - Winner!

  • Race: Protoss Protoss
  • Spawn Location: 7:00

Event: IEM XI Katowice - World Championship 2017

VOD

Have the link to the VOD?

Description

Time

  • Played on: March 3, 2017, 7:23 a.m.
  • Length: 7:57

All games in this series

Show
View Real Time Build Order
Export as new Build Order

PiLiPiLi Protoss 

Build Orders: Phoenix Opening 

Get SALT Encoding   

  12  0:01  Probe (Chrono Boost)  
  13  0:11  Probe (Chrono Boost)  
  14  0:17  Pylon  
  14  0:22  Probe (Chrono Boost)  
  16  0:35  Probe (Chrono Boost)  
  16  0:38  Gateway  
  16  0:46  Probe (Chrono Boost)  
  17  0:50  Pylon  
  17  0:56  Probe (Chrono Boost)  
  18  0:59  Assimilator  
  18  1:05  Assimilator  
  18  1:07  Probe (Chrono Boost)  
  19  1:18  Probe (Chrono Boost)  
  20  1:27  Cybernetics Core  
  20  1:28  Probe (Chrono Boost)  
  20  1:31  Zealot  
  23  1:39  Probe (Chrono Boost)  
  24  1:46  Pylon  
  24  1:50  Probe (Chrono Boost)  
  25  2:05  Stargate, Stalker  
  25  2:06  Probe (Chrono Boost)  
  28  2:20  Probe (Chrono Boost)  
  28  2:22  Warp Gate  
  29  2:31  Pylon  
  29  2:32  Probe (Chrono Boost)  
  30  2:44  Probe (Chrono Boost)  
  31  2:45  Phoenix  
  34  3:00  Probe (Chrono Boost)  
  32  3:06  Nexus  
  32  3:11  Phoenix  
  35  3:20  Probe (Chrono Boost)  
  35  3:32  Probe (Chrono Boost)  
  33  3:37  Phoenix  
  35  3:44  Probe (Chrono Boost)  
  37  3:56  Probe (Chrono Boost)  
  37  3:58  Phoenix  
  39  4:08  Probe (Chrono Boost)  
  40  4:15  Assimilator  
  39  4:17  Assimilator  
  39  4:20  Pylon  
  36  4:26  Probe (Chrono Boost)  
  36  4:28  Probe (Chrono Boost)  
  35  4:37  Probe (Chrono Boost)  
  34  4:42  Probe (Chrono Boost)  
  34  4:44  Phoenix  
  35  4:51  Probe (Chrono Boost)  
  38  4:56  Probe (Chrono Boost)  
  39  5:01  Probe (Chrono Boost)  
  41  5:08  Probe (Chrono Boost)  
  41  5:12  Probe (Chrono Boost)  
  43  5:22  Probe (Chrono Boost)  
  43  5:23  Probe (Chrono Boost)  
  44  5:33  Void Ray  
  44  5:40  Probe (Chrono Boost)  
  44  5:41  Probe (Chrono Boost)  
  50  5:43  Stargate  
  50  5:51  Probe (Chrono Boost)  
  50  5:53  Probe (Chrono Boost)  
  50  5:55  Robotics Facility  
  52  6:02  Probe (Chrono Boost)  
  54  6:05  Probe (Chrono Boost)  
  54  6:11  Void Ray  
  54  6:12  Probe (Chrono Boost)  
  54  6:17  Probe (Chrono Boost)  
  60  6:23  Probe (Chrono Boost)  
  61  6:26  Void Ray  
  67  6:32  Mothership Core (Chrono Boost)  
  67  6:35  Sentry, Probe (Chrono Boost)  
  70  6:43  Pylon  
  68  6:55  Void Ray  
  68  6:56  Immortal  
  68  7:01  Sentry  
  68  7:27  Probe x2 (Chrono Boost)  
  67  7:40  Pylon  
Show
View Real Time Build Order
Export as new Build Order

Zest Protoss - Winner!

Build Orders: Oracle Opening 

Get SALT Encoding   

  12  0:01  Probe (Chrono Boost)  
  13  0:11  Probe (Chrono Boost)  
  14  0:18  Pylon  
  14  0:22  Probe (Chrono Boost)  
  15  0:36  Probe (Chrono Boost)  
  15  0:39  Gateway  
  16  0:46  Pylon  
  16  0:51  Probe (Chrono Boost)  
  16  0:56  Assimilator  
  17  1:01  Probe (Chrono Boost)  
  18  1:06  Assimilator  
  18  1:12  Probe (Chrono Boost)  
  19  1:22  Probe (Chrono Boost)  
  20  1:25  Cybernetics Core  
  20  1:33  Probe (Chrono Boost)  
  20  1:37  Pylon  
  21  1:43  Probe (Chrono Boost)  
  23  1:54  Probe (Chrono Boost)  
  23  1:58  Stalker  
  24  2:09  Stargate  
  24  2:12  Probe (Chrono Boost)  
  24  2:14  Warp Gate  
  26  2:24  Probe (Chrono Boost)  
  26  2:45  Nexus  
  26  2:49  Oracle  
  30  2:59  Probe (Chrono Boost)  
  30  3:06  Pylon  
  30  3:12  Probe (Chrono Boost)  
  31  3:20  Oracle  
  31  3:26  Probe (Chrono Boost)  
  35  3:27  Pylon  
  35  3:38  Probe (Chrono Boost)  
  35  3:40  Twilight Council  
  33  3:50  Probe (Chrono Boost)  
  34  4:00  Probe (Chrono Boost)  
  35  4:03  Probe (Chrono Boost)  
  36  4:11  Probe (Chrono Boost)  
  36  4:14  Gateway  
  36  4:15  Gateway  
  37  4:19  Probe (Chrono Boost)  
  37  4:23  Blink, Probe (Chrono Boost)  
  39  4:24  Stalker  
  41  4:36  Probe (Chrono Boost)  
  41  4:37  Probe (Chrono Boost)  
  40  4:48  Probe x2 (Chrono Boost), Stalker  
  44  4:58  Probe (Chrono Boost)  
  49  5:00  Probe (Chrono Boost)  
  49  5:09  Probe (Chrono Boost)  
  49  5:10  Stalker x2  
  49  5:11  Stalker  
  49  5:13  Probe (Chrono Boost)  
  58  5:21  Probe (Chrono Boost)  
  58  5:23  Pylon  
  58  5:25  Probe (Chrono Boost)  
  54  5:34  Probe (Chrono Boost)  
  51  5:37  Probe (Chrono Boost), Stalker x3  
  55  5:44  Gateway x2  
  55  5:45  Probe (Chrono Boost)  
  55  5:47  Gateway  
  56  5:54  Probe (Chrono Boost)  
  57  5:57  Probe (Chrono Boost)  
  57  6:01  Stalker x3  
  63  6:06  Probe (Chrono Boost)  
  63  6:09  Probe (Chrono Boost)  
  64  6:16  Pylon  
  64  6:18  Probe (Chrono Boost)  
  64  6:19  Probe (Chrono Boost)  
  64  6:30  Pylon  
  63  6:34  Probe x2 (Chrono Boost)  
  65  6:46  Stalker x2  
  69  6:53  Stalker x4  
  77  6:57  Pylon  
  77  6:58  Pylon  
  77  7:08  Nexus  
  65  7:32  Stalker x6  

Tags
 
Add a new tag
Caveats
  • Supply blocks, unpowered buildings, or Contaminate may cause inaccurate times.
  • Supply counts are checked every 10 seconds.